 Dungeon Crawl Stone Soup version 0.27.0-1-g7a089689b8 (webtiles) character file.

Game seed: 14381282063144155704

8082 robertstho the Thaumaturge (level 11, -10/56 HPs)
             Began as a Deep Elf Fire Elementalist on Aug 5, 2021.
             Was a Priest of Sif Muna.
             Mangled by a quicksilver ooze (14 damage)
             ... in an ice cave.
             The game lasted 00:18:58 (11380 turns).

robertstho the Thaumaturge (DEFE)                  Turns: 11380, Time: 00:18:59

Health: -10/56     AC: 13    Str:  5    XL:     11   Next: 5%
Magic:  3/30       EV: 13    Int: 24    God:    Sif Muna [***...]
Gold:   267        SH:  0    Dex: 15    Spells: 18/36 levels left

rFire    . . .     SeeInvis .   u - +0 war axe "Doeraeh" {flame, rElec rPois}
rCold    . . .     Faith    .   (no shield)
rNeg     . . .     Spirit   .   a - +0 robe
rPois    +         Reflect  .   (no helmet)
rElec    +         Harm     .   e - +1 cloak
rCorr    .         Rampage  .   A - +0 pair of gloves
Will     +....                  (no boots)
Stlth    +++.......             h - amulet of magic regeneration
HPRegen  0.18/turn              J - +4 ring of protection
MPRegen  0.47/turn              s - +4 ring of protection

@: engulfed (cannot breathe)
A: no striking features
a: Renounce Religion, Channel Magic, Forget Spell


You were in an ice cave.
You worshipped Sif Muna.
Sif Muna was most pleased with you.
You visited 3 branches of the dungeon, and saw 11 of its levels.
You also visited: Ossuary and Ice Cave.

You collected 615 gold pieces.
You spent 348 gold pieces at shops.

Inventory:

Hand Weapons
 f - a +0 short sword
 u - the +0 war axe "Doeraeh" (weapon) {flame, rElec rPois}
   (You found it on level 7 of the Dungeon)

   It burns those it strikes, dealing additional fire damage.
   Big, fiery blades are also staple armaments of hydra-hunters.
   rElec:     It insulates you from electricity.
   rPois:     It protects you from poison.
 v - a +4 spear
Missiles
 n - 3 throwing nets
Armour
 a - a +0 robe (worn)
 e - a +1 cloak (worn)
 A - a +0 pair of gloves (worn)
Jewellery
 h - an amulet of magic regeneration (around neck)
 o - a ring of poison resistance
 s - a +4 ring of protection (right hand)
 J - a +4 ring of protection (left hand)
Wands
 x - a wand of digging (3)
 y - a wand of paralysis (10)
 H - a wand of iceblast (7)
 I - a wand of flame (5)
 K - a wand of polymorph (8)
Scrolls
 c - 2 scrolls of immolation {unknown}
 d - 6 scrolls of teleportation
 i - 2 scrolls of fog {unknown}
 l - 2 scrolls of enchant weapon
 m - 3 scrolls of enchant armour
 q - 2 scrolls of vulnerability
 w - a scroll of fear
 D - a scroll of magic mapping
 F - a scroll of brand weapon
 G - a scroll of torment
Potions
 b - 2 potions of lignification
 g - 4 potions of invisibility
 j - a potion of berserk rage {unknown}
 k - 4 potions of heal wounds {unknown}
 p - 6 potions of brilliance
 r - 5 potions of flight
 t - 2 potions of haste {unknown}
 z - 2 potions of resistance {unknown}
 B - a potion of curing
 C - a potion of ambrosia
 E - 2 potions of mutation


   Skills:
 + Level 1.0 Fighting
 + Level 0.4(0.5) Axes
 + Level 0.2(0.3) Polearms
 + Level 3.8 Dodging
 + Level 3.9 Stealth
 * Level 13.3 Spellcasting
 * Level 9.3 Conjurations
 * Level 10.6 Fire Magic
 * Level 3.2 Invocations


You had 18 spell levels left.
You knew the following spells:

 Your Spells              Type           Power      Damage    Failure   Level
a - Foxfire               Conj/Fire      100%       2x1d9     1%          1
b - Conjure Flame         Conj/Fire      59%        6-21      1%          3
c - Sticky Flame          Conj/Fire      59%        2d7       1%          4
d - Fireball              Conj/Fire      29%        3d13      1%          5
e - Blink                 Tloc           N/A        N/A       5%          2
f - Summon Guardian Gole  Hex/Summ       16%        N/A       11%         3

Your spell library contained the following spells:

 Spells                   Type           Power      Damage    Failure   Level
 Inner Flame              Hex/Fire       41%        N/A       1%          3
 Slow                     Hex            16%        N/A       5%          2
 Confusing Touch          Hex            16%        N/A       11%         3
 Lesser Beckoning         Tloc           8%         N/A       11%         3
 Orb of Destruction       Conj           28%        9d11      56%         7
 Manifold Assault         Tloc           16%        N/A       71%         5
 Yara's Violent Unravell  Hex/Tmut       8%         3d5       71%         5
 Spellforged Servitor     Conj/Summ      19%        N/A       99%         7
 Malign Gateway           Summ/Tloc      8%         N/A       100%        7
 Summon Horrible Things   Summ           8%         N/A       100%        8


Dungeon Overview and Level Annotations

Branches:
Dungeon (9/15)             Temple (1/1) D:4            Lair (1/6) D:8
Ossuary (visited)           IceCv (1/1)
    Orc: D:9-12

Altars:
Ashenzari
Dithmenos
Elyvilon
Fedhas
Gozag
Makhleb
Okawaru
Sif Muna
Xom
Yredelemnul
Zin

Shops:
D:1 [   D:7 *   D:8 !

Annotations:
Lair:1 exclusion: oklob plant


Message History

The quicksilver ooze closely misses you.
The quicksilver ooze hits you.
You feel your power leaking away.
You feel less invigorated.
Casting: Fireball (dangerous; 1% risk of failure)
Confirm with . or Enter, or press ? or * to list all spells.
Aiming: Sticky Flame (dangerous; 1% risk of failure)
Press: ? - help, Shift-Dir - straight line, f - quicksilver ooze
Aim: a quicksilver ooze (heavily wounded, 100% to hit)
The sticky flame hits the quicksilver ooze.
The quicksilver ooze is severely wounded.
The quicksilver ooze is covered in liquid flames!
The quicksilver ooze burns!
The quicksilver ooze misses you.
The quicksilver ooze closely misses you.
The quicksilver ooze hits you! The quicksilver ooze hits you.
You feel your power leaking away.
The quicksilver ooze burns!
The quicksilver ooze closely misses you.
The quicksilver ooze hits you but does no damage.
The quicksilver ooze burns!
There is an ice choked empty arch of ancient stone here.
The quicksilver ooze burns!
The quicksilver ooze hits you.
* * * LOW HITPOINT WARNING * * *
The quicksilver ooze closely misses you.
There is an ice covered gate leading back out of this place here.
You feel better.
The quicksilver ooze burns!
The quicksilver ooze hits you!!
* * * LOW HITPOINT WARNING * * *
The quicksilver ooze hits you but does no damage.
The quicksilver ooze hits you. The quicksilver ooze engulfs you!
The quicksilver ooze hits you but does no damage.
You cannot read scrolls while unable to breathe!
You feel better.
* * * LOW HITPOINT WARNING * * *
Your lungs strain for air!
The quicksilver ooze burns!
The quicksilver ooze misses you.
The quicksilver ooze hits you but does no damage.
* * * LOW HITPOINT WARNING * * *
Your lungs strain for air!
The quicksilver ooze burns!
The quicksilver ooze hits you!
You die...

..# #..
#.. ..#
#.. #..
###
#.####.##
#..##.Z.#
#.....J@#
#..##...#
#.####.##
#.. ###
#.. #Z#
.. #.


You could see a quicksilver ooze (burning) and a demonic crawler simulacrum.

Vanquished Creatures
  Harold (D:7)
  Joseph (D:9)
  A komodo dragon (Lair:1)
  2 entropy weaver simulacra (IceCv)
  A troll (D:8)
  4 slime creatures (D:9)
  3 yaks (D:6)
  A wraith (D:9)
  3 water moccasins
  A demonic crawler simulacrum (IceCv)
  4 orc warriors
  A hornet zombie (D:8)
  An ogre (D:5)
  2 sky beasts
  An ugly thing simulacrum (IceCv)
  3 centaurs
  A wolf (D:8)
  A phantom (D:7)
  3 bullfrogs
  2 kobold brigands
  An elf zombie (Ossuary)
  2 gnoll sergeants (D:9)
  4 scorpions
  A water moccasin zombie (D:6)
  A wyvern zombie (D:7)
  21 killer bees
  2 electric eels (D:8)
  A wight (D:9)
  2 howler monkeys
  A bullfrog zombie (D:5)
  10 hounds
  A jelly (D:7)
  An orc priest (D:7)
  A human zombie (Ossuary)
  2 bullfrog skeletons
  Jessica (D:2)
  5 iguanas
  Natasha (thrice) (D:2)
  5 orc wizards
  A hound skeleton (D:4)
  2 mummies (Ossuary)
  A howler monkey zombie (D:7)
  10 gnolls
  2 howler monkey skeletons
  10 adders
  A white imp (D:6)
  An adder skeleton (D:4)
  3 worms
  4 dart slugs
  26 orcs
  3 bats
  5 endoplasms
  8 giant cockroaches
  6 goblins
  6 hobgoblins
  6 jackals
  11 kobolds
  4 quokkas
  11 ball pythons
  3 frilled lizards
  6 gnoll zombies (Ossuary)
  2 goblin zombies (Ossuary)
  4 hobgoblin zombies (Ossuary)
  2 rats (D:1)
240 creatures vanquished.

Vanquished Creatures (others)
  1184 foxfires
1184 creatures vanquished.

Grand Total: 1424 creatures vanquished

Notes
Turn   | Place    | Note
-------+----------+-------------------------------------------
     0 | D:1      | robertstho the Deep Elf Fire Elementalist began the quest
                  | for the Orb.
     0 | D:1      | Reached XP level 1. HP: 10/10 MP: 6/6
   293 | D:1      | Reached XP level 2. HP: 15/15 MP: 5/8
   901 | D:1      | Found Moth's Antique Armour Shop.
  1344 | D:2      | Noticed Jessica
  1350 | D:2      | Killed Jessica
  1351 | D:2      | Reached skill level 4 in Spellcasting
  1351 | D:2      | Reached XP level 3. HP: 16/19 MP: 2/10
  1515 | D:2      | Noticed Natasha
  1520 | D:2      | Killed Natasha
  1521 | D:2      | Reached XP level 4. HP: 24/24 MP: 7/12
  1840 | D:2      | Noticed Natasha
  1849 | D:2      | Killed Natasha
  2040 | D:2      | Reached skill level 5 in Spellcasting
  2087 | D:2      | Noticed Natasha
  2094 | D:2      | Killed Natasha
  2095 | D:2      | Reached XP level 5. HP: 21/28 MP: 9/14
  3358 | D:3      | Found a burning altar of Makhleb.
  3359 | D:3      | Found a broken altar of Ashenzari.
  4290 | D:4      | Found a staircase to the Ecumenical Temple.
  4306 | D:4      | Reached XP level 6. HP: 32/32 MP: 11/16
  4369 | Temple   | Entered the Ecumenical Temple
  4408 | Temple   | Became a worshipper of Sif Muna the Loreminder
  5219 | D:5      | Entered Level 5 of the Dungeon
  5224 | D:5      | Reached skill level 6 in Spellcasting
  5224 | D:5      | Reached skill level 5 in Fire Magic
  5295 | D:5      | Learned a level 3 spell: Conjure Flame
  5300 | D:5      | Learned a level 4 spell: Sticky Flame
  5306 | D:5      | Learned a level 5 spell: Fireball
  5309 | D:5      | Learned a level 2 spell: Blink
  5451 | D:5      | Reached XP level 7. HP: 36/36 MP: 15/19
  5500 | D:5      | Reached skill level 7 in Spellcasting
  5761 | D:5      | Reached * piety under Sif Muna
  5785 | D:5      | Reached skill level 5 in Conjurations
  5854 | D:5      | Reached XP level 8. HP: 41/41 MP: 18/21
  6170 | D:5      | Reached skill level 8 in Spellcasting
  6554 | D:6      | Found an iron altar of Okawaru.
  6766 | D:6      | Reached skill level 9 in Spellcasting
  7121 | D:6      | Reached XP level 9. HP: 32/45 MP: 11/24
  7129 | D:6      | Learned a level 3 spell: Summon Guardian Golem
  7439 | D:6      | Found a white marble altar of Elyvilon.
  7531 | D:7      | Reached skill level 10 in Spellcasting
  7563 | D:7      | Noticed Harold
  7577 | D:7      | Killed Harold
  7603 | D:7      | Found Ydihec's CLEARANCE SALE! EVERYTHING MUST GO!.
  7605 | D:7      | Found a sand-covered staircase.
  7615 | D:7      | Identified the +0 war axe "Doeraeh" {flame, rElec rPois}
  7625 | Ossuary  | Entered an ossuary
  7776 | Ossuary  | Reached ** piety under Sif Muna
  8039 | D:7      | Reached skill level 11 in Spellcasting
  9005 | D:8      | Noticed a troll
  9019 | D:8      | Reached skill level 1 in Invocations
  9034 | D:8      | Killed a troll
  9035 | D:8      | Reached XP level 10. HP: 20/51 MP: 11/27
  9446 | D:8      | Found Bedec's Distillery.
  9450 | D:8      | Reached *** piety under Sif Muna
  9465 | D:8      | Bought a potion of curing for 36 gold pieces
  9465 | D:8      | Bought a potion of curing for 36 gold pieces
  9465 | D:8      | Bought a potion of flight for 36 gold pieces
  9465 | D:8      | Bought a potion of ambrosia for 96 gold pieces
  9465 | D:8      | Bought a potion of brilliance for 48 gold pieces
  9465 | D:8      | Bought a potion of invisibility for 96 gold pieces
  9694 | D:8      | Found a staircase to the Lair.
  9935 | D:9      | Reached skill level 10 in Fire Magic
 10050 | D:9      | Reached skill level 1 in Fighting
 10159 | D:9      | Reached skill level 12 in Spellcasting
 10235 | D:9      | Noticed Joseph
 10241 | D:9      | Killed Joseph
 11142 | Lair:1   | Entered Level 1 of the Lair of Beasts
 11145 | Lair:1   | Noticed an oklob plant
 11252 | Lair:1   | Reached skill level 13 in Spellcasting
 11346 | Lair:1   | Found a frozen archway.
 11355 | IceCv    | Entered an ice cave
 11364 | IceCv    | Reached **** piety under Sif Muna
 11365 | IceCv    | Reached XP level 11. HP: 56/56 MP: 15/30
 11365 | IceCv    | Noticed a quicksilver ooze
 11380 | IceCv    | Mangled by a quicksilver ooze

Illustrated notes

Levels and vault maps discovered:
D:1:      dpeg_arrival_more_subterranean_lakeside_camping, layout_basic,
          serial_shops, nicolae_shop_crystal
D:2:      layout_loops_cross, uniq_natasha, uniq_jessica
D:3:      layout_basic, gammafunk_temple_overflow_statue,
          serial_co_window_serial, co_window_paths_a, co_window_cross_1,
          co_window_paths_b, co_window_of_opportunity_a, co_window_paths_a,
          co_window_cross_3, co_window_2corner, co_window_broadway_a,
          co_window_corner_b, co_window_of_opportunity_c, co_window_4corner_b,
          glass_columns_c, glass_columns_a, glass_columns_c,
          minmay_misc_feat_rows
D:4:      layout_layer_cave, minmay_temple_entry_stoned_glass
D:5:      layout_rooms, feat_on_display
D:6:      layout_gridville, general_overflow_altar, lemuel_round_altar
D:7:      layout_basic, enter_ossuary_1, nicolae_shop_clearance, uniq_harold
D:8:      layout_loops_ring, erik_lair_island, serial_shops, kennysheep_mini
D:9:      kennysheep_spiral_hall, layout_basic, serial_shops, shop, uniq_joseph
Temple:   regret_index_temple_mists
Lair:1:   layout_gridlike, portal_ice_cave_entry_pillars_2,
          minmay_lair_oklob_chamber, infiniplex_staircase_pool_2,
          grunt_megastairs_2
IceCv:    ice_cave_hellmonk_azure_passage

Skill      XL: |  1  2  3  4  5  6  7  8  9 10 |
---------------+-------------------------------+-----
Spellcasting   | 4 5 6 7 9 11 13 | 13.3
Conjurations   | 2 3 4 5 6 8 9 |  9.3
Fire Magic     | 4 5 6 8 9 10 | 10.6
Stealth        | 3 |  3.9
Dodging        | 3 |  3.8
Invocations    | 1 3 |  3.2
Fighting       | 1 |  1.0
Axes           | |  0.4
Polearms       | |  0.2

Action                   |  1- 3 |  4- 6 |  7- 9 | 10-12 || total
-------------------------+-------+-------+-------+-------++-------
Melee: Short sword       |       |     1 |     1 |       ||     2
       Spear             |       |       |     6 |       ||     6
       War axe           |       |       |    18 |     1 ||    19
 Cast: Foxfire           |    66 |   238 |   300 |    81 ||   685
       Sticky Flame      |       |       |    18 |    13 ||    31
       Fireball          |       |       |     1 |    43 ||    44
       Blink             |       |       |       |     1 ||     1
Invok: Channel Magic     |       |       |       |     3 ||     3
  Use: Scroll            |       |       |     8 |     5 ||    13
       Potion            |       |       |     1 |     2 ||     3
 Stab: Sleeping          |       |       |     2 |       ||     2
Armor: Robe              |       |     1 |    21 |    15 ||    37
Dodge: Dodged            |     2 |     5 |    50 |    30 ||    87
